 Dungeon Crawl Stone Soup version 0.21-a0-196-g6a663c0 (webtiles) character file.

126 truemonolith the Conjurer (level 4, 11/24 HPs)
             Began as a Deep Elf Conjurer on Aug 15, 2017.
             Quit the game on level 3 of the Dungeon.
             The game lasted 00:05:15 (2694 turns).

truemonolith the Conjurer (Deep Elf Conjurer)       Turns: 2694, Time: 00:05:15

Health: 11/24      AC:  2    Str:  5    XL:     4   Next: 84%
Magic:  12/12      EV: 13    Int: 21    God:
Gold:   209        SH:  0    Dex: 15    Spells: 8/12 levels left

rFire    . . .     SeeInvis .   (no weapon)
rCold    . . .     Gourm    .   (no shield)
rNeg     . . .     Faith    .   a - +0 robe
rPois    .         Spirit   .   (no helmet)
rElec    .         Reflect  .   (no cloak)
rCorr    .         Harm     .   (no gloves)
MR       .....                  (no boots)
Stlth    ++........             (no amulet)
HPRegen  0.08/turn              (no ring)
MPRegen  0.13/turn              (no ring)

@: no status effects
A: no striking features
a: no special abilities


You were on level 3 of the Dungeon.
You were not hungry.

You visited 1 branch of the dungeon, and saw 3 of its levels.

You collected 209 gold pieces.

Inventory:

Armour
 a - a +0 robe (worn)
Jewellery
 c - an uncursed ring of poison resistance {unknown}
 d - a cursed ring of loudness {unknown}
Scrolls
 e - 2 scrolls of remove curse {unknown}
 f - a scroll of recharging {unknown}
 o - 3 scrolls of identify {unknown}
 p - a scroll of enchant weapon {unknown}
Potions
 h - a potion of flight
 i - a potion of mutation {unknown}
 j - 2 potions of curing
 k - a potion of resistance {unknown}
 l - a potion of agility {unknown}
 q - a potion of invisibility {unknown}
 r - a potion of might {unknown}
Books
 b - a book of Conjurations

   Spells                             Type                      Level
   a - Magic Dart                     Conjuration                  1
   b - Searing Ray                    Conjuration                  2
   c - Dazzling Spray                 Conjuration/Hexes            3
   d - Fulminant Prism                Conjuration/Hexes            4
   e - Force Lance                    Conjuration/Translocation    4
   f - Iskenderun's Mystic Blast      Conjuration                  4
Comestibles
 g - 4 fruits
 m - 2 meat rations
 n - 2 royal jellies
 s - a bread ration


   Skills:
 - Level 2.4 Dodging
 - Level 2.4 Stealth
 - Level 4.9 Spellcasting
 + Level 5.9 Conjurations


You had 8 spell levels left.
You knew the following spells:

 Your Spells              Type           Power        Failure   Level  Hunger
a - Magic Dart            Conj           ####         1%          1    None
b - Dazzling Spray        Conj/Hex       ###...       10%         3    ##.....


Dungeon Overview and Level Annotations

Branches:
Dungeon (3/15)

Altars:
Okawaru

Annotations:
D:3 Sigmund


Message History

Found a stone staircase leading down.
Found a stone staircase leading down.
Sigmund the Dreaded comes into view.
He is wielding a scythe.
Sigmund shouts!
Sigmund gestures wildly while chanting.
Sigmund flickers and vanishes!
Deactivating autopickup; reactivate with Ctrl-A.
Found a cyan potion.
You are confused.
You bump into the rock wall.
A kobold comes into view.
You bump into the rock wall.
You feel less confused.
A magic dart appears from out of thin air!
The magic dart hits you!
A magic dart appears from out of thin air!
The magic dart hits you!
Sigmund appears from thin air!
Reactivating autopickup.
Are you sure you want to abandon this character and quit the game? (Confirm with "yes".)

#............#
#....>.###...#
#...#...####.#
#..@#...# #.#
#...#...# #.#
##..##### #K# #..#
#!. ##.##### ###
#@#...#
#.#.#.#######
#.....>.....## #
###............
#.P ###.........#
#...##............
#......(..........
#.................
#..8##.##..#......


You could see Sigmund.

Vanquished Creatures
  Natasha (thrice) (D:2)
  An adder (D:2)
  3 worms (D:2)
  2 leopard geckos (D:2)
  A giant cockroach (D:1)
  5 goblins
  3 hobgoblins
  A ball python (D:1)
  6 bats
  5 frilled lizards
  3 kobolds
  5 rats
38 creatures vanquished.

Notes
Turn   | Place    | Note
-------+----------+-------------------------------------------
     0 | D:1      | truemonolith the Deep Elf Conjurer began the quest for the Orb.
     0 | D:1      | Reached XP level 1. HP: 10/10 MP: 6/6
   375 | D:1      | Reached XP level 2. HP: 15/15 MP: 5/9
  1189 | D:2      | Reached XP level 3. HP: 19/19 MP: 6/11
  1199 | D:2      | Learned a level 3 spell: Dazzling Spray
  1337 | D:2      | Noticed Natasha
  1357 | D:2      | Killed Natasha
  1357 | D:2      | Reached skill level 5 in Conjurations
  1831 | D:2      | Noticed Natasha
  1837 | D:2      | Killed Natasha
  1837 | D:2      | Reached XP level 4. HP: 10/24 MP: 7/12
  2089 | D:2      | Found an iron altar of Okawaru.
  2206 | D:2      | Noticed Natasha
  2213 | D:2      | Killed Natasha
  2673 | D:3      | Noticed Sigmund
  2694 | D:3      | Quit the game

Vault maps used:
D:1:      minmay_arrival_solitary_statue, minmay_misc_feat_nine_boxes
D:2:      lemuel_round_altar, supply_closet_lemuel, uniq_natasha
D:3:      lemuel_doored_altar, chequers_ecumenical_altar_lobes, uniq_sigmund,
          uniq_terence

Skill      XL: |  1  2  3 |
---------------+----------+-----
Spellcasting   | 4 |  4.9
Conjurations   | 5 |  5.9
Dodging        | |  2.4
Stealth        | |  2.4

Action                   |  1- 3 |  4- 6 || total
-------------------------+-------+-------++-------
Melee: Unarmed           |     1 |     1 ||     2
 Cast: Magic Dart        |    64 |    16 ||    80
       Dazzling Spray    |     2 |       ||     2
  Use: Potion            |     2 |       ||     2
  Eat: Chunk             |     1 |       ||     1
       Bread ration      |     1 |       ||     1
Armor: Robe              |     6 |       ||     6
Dodge: Dodged            |    19 |     2 ||    21
